 Dungeon Crawl Stone Soup version 0.27-a0-1438-g9b7c6745da (webtiles) character file.

Game seed: 17733090622711785724

10259 Gargoyl the Fighter (level 11, -10/133 HPs)
             Began as a Gnoll Abyssal Knight on July 4, 2021.
             Was an Elder of Lugonu.
             Killed from afar by a smoke demon (17 damage)
             ... with a ball of steam
             ... summoned by Lugonu's corruption
             ... in a volcano.
             The game lasted 00:13:50 (13571 turns).

Gargoyl the Fighter (Gnoll Abyssal Knight)         Turns: 13571, Time: 00:13:51

Health: -10/133    AC: 19    Str: 14    XL:     11   Next: 59%
Magic:  23/29      EV: 12    Int: 11    God:    Lugonu [****..]
Gold:   374        SH:  0    Dex: 13    Spells: 22/22 levels left

rFire    . . .     SeeInvis .   h - +11 executioner's axe "Zywaut" {venom, rN+}
rCold    + . .     Faith    .   (shield currently unavailable)
rNeg     + . .     Spirit   .   u - +2 chain mail {rC+}
rPois    .         Reflect  .   E - +2 helmet
rElec    .         Harm     .   (no cloak)
rCorr    .         Rampage  .   (no gloves)
Will     .....                  r - +2 pair of boots
Stlth    ..........             k - amulet of magic regeneration
HPRegen  0.32/turn              c - +4 ring of evasion
MPRegen  0.46/turn              m - ring of magical power

@: berserking, very quick
A: fangs 1, strong nose, distributed training
a: Renounce Religion, Depart the Abyss, Bend Space, Banish, Corrupt


You were in a volcano.
You worshipped Lugonu.
Lugonu was greatly pleased with you.
You visited 2 branches of the dungeon, and saw 10 of its levels.
You visited the Abyss 1 time.
You also visited: Volcano.

You collected 374 gold pieces.

Inventory:

Hand Weapons
 a - a +1 hand axe
 h - the +11 executioner's axe "Zywaut" (weapon) {venom, rN+}
   (You acquired it on level 3 of the Dungeon)

   It poisons the flesh of those it strikes.
   rN:        It protects you from negative energy.
 j - a +0 spectral war axe
 w - a +3 antimagic trident
 x - a +0 dagger of venom
 F - the +9 staff of Olgreb {rPois∞}
   (You found it on level 5 of the Dungeon)

   It may poison the flesh of those it strikes, and is more effective with a
   high Evocations skill.
   It enhances your poison magic.
   It grants immunity to poison.
   It can be evoked to poison those around you for a time.
Missiles
 b - 43 poisoned darts (quivered)
Armour
 r - a +2 pair of boots (worn)
 u - a +2 chain mail of cold resistance (worn)
 E - a +2 helmet (worn)
Jewellery
 c - a +4 ring of evasion (left hand)
 k - an amulet of magic regeneration (around neck)
 m - a ring of magical power (right hand)
Wands
 l - a wand of paralysis (9)
 s - a wand of iceblast (18)
 y - a wand of digging (3)
Scrolls
 g - 5 scrolls of teleportation
 t - 3 scrolls of identify
Potions
 d - a potion of brilliance
 f - 2 potions of resistance
 n - a potion of might {unknown}
 o - a potion of lignification {unknown}
 p - a potion of ambrosia {unknown}
 q - 3 potions of heal wounds {unknown}
 v - a potion of attraction {unknown}
 z - 5 potions of haste {unknown}
 G - a potion of magic {unknown}


   Skills:
 + Level 9.2 Fighting
 + Level 6.4 Short Blades
 + Level 6.4 Long Blades
 + Level 8.0 Axes
 + Level 6.4 Maces & Flails
 + Level 6.4 Polearms
 + Level 6.4 Staves
 + Level 6.4 Slings
 + Level 6.4 Bows
 + Level 6.4 Crossbows
 + Level 6.4 Throwing
 + Level 8.0 Armour
 + Level 7.0 Dodging
 + Level 6.4 Stealth
 + Level 6.4 Shields
 + Level 6.4 Unarmed Combat
 + Level 6.4 Spellcasting
 + Level 5.3 Conjurations
 + Level 5.3 Hexes
 + Level 5.3 Summonings
 + Level 5.3 Necromancy
 + Level 5.3 Translocations
 + Level 5.3 Transmutations
 + Level 5.3 Fire Magic
 + Level 5.3 Ice Magic
 + Level 5.3 Air Magic
 + Level 5.3 Earth Magic
 + Level 5.3 Poison Magic
 + Level 8.5 Invocations
 + Level 6.4 Evocations


You had 22 spell levels left.
You didn't know any spells.
Your spell library contained the following spells:

 Spells                   Type           Power      Damage    Failure   Level
 Foxfire                  Conj/Fire      60%        2x1d7     34%         1
 Magic Dart               Conj           60%        1d6       34%         1
 Sandblast                Erth           30%        2d9       34%         1
 Summon Small Mammal      Summ           60%        N/A       34%         1
 Call Imp                 Summ           15%        N/A       45%         2
 Corpse Rot               Necr/Air       N/A        N/A       45%         2
 Passwall                 Tmut/Erth      12%        N/A       45%         2
 Call Canine Familiar     Summ           15%        N/A       71%         3
 Conjure Flame            Conj/Fire      15%        6-21      71%         3
 Ignite Poison            Fire/Tmut/Pois 15%        N/A       71%         3
 Mephitic Cloud           Conj/Pois/Air  15%        N/A       71%         3
 Summon Guardian Golem    Hex/Summ       15%        N/A       71%         3
 Dispel Undead            Necr           15%        3d10      98%         4
 Sticky Flame             Conj/Fire      15%        2d4       98%         4
 Bolt of Magma            Conj/Fire/Erth 7%         4d6       100%        5
 Fireball                 Conj/Fire      7%         3d5       100%        5
 Lee's Rapid Deconstruct  Erth           7%         3d8*      100%        5
 Death Channel            Necr           7%         N/A       100%        6
 Starburst                Conj/Fire      7%         8x6d4     100%        6


Dungeon Overview and Level Annotations

Branches:
Dungeon (9/15)             Temple (0/1) D:7            Lair (1/6) D:9
Volcano (1/1)
    Orc: D:9-12

Altars:
Dithmenos
Elyvilon
Gozag
Hepliaklqana
Makhleb
Nemelex Xobeh
Okawaru
Sif Muna
Uskayaw
Wu Jian
Xom

Shops:
D:6 *

Annotations:
D:5 1 runed translucent door
D:8 2 transporters, Mateji's ghost, novice DEIE
Abyss:1 Gargoyl's ghost, journeyman GnAK Volcano corrupted


Innate Abilities, Weirdness & Mutations

You have very sharp teeth.
Your uncanny sense of smell can sniff out nearby items.
Your experience applies equally to all skills.


Message History

You slash the fire elemental!
The fire elemental closely misses you. x2
The efreet gestures at you.
The bolt of fire hits the fire elemental.
The fire elemental completely resists.
The bolt of fire misses you. The fire elemental hits you.
The fire elemental burns you! The fire elemental misses you.
You closely miss the fire elemental. You slash the fire elemental!
The fire elemental hits you. The fire elemental burns you!
The fire elemental closely misses you. The efreet gestures at you.
The bolt of fire hits the fire vortex.
The fire vortex completely resists.
The bolt of fire hits the fire vortex.
The fire vortex completely resists.
The bolt of fire misses the fire elemental.
The bolt of fire hits you!
The fire elemental barely misses you. x2
You closely miss the fire elemental. You hit the fire elemental.
The fire elemental barely misses you. The fire elemental hits you.
The fire elemental burns you!
The fire elemental barely misses you. x2
Unknown command.
A toenail golem and an earth elemental come into view.
Okay, then.
The toenail golem hits you!
* * * LOW HITPOINT WARNING * * *
The fire elemental completely misses you.
Lugonu's Hand of Corruption reaches out!
The toenail golem hits you but does no damage.
The efreet gestures at you.
The bolt of fire hits the white imp!!!
The white imp is burned terribly!
The white imp dies!
The bolt of fire hits you!
* * * LOW HITPOINT WARNING * * *
A red film seems to cover your vision as you go berserk!
You feel yourself moving faster!
You feel mighty! The fire elemental hits you. The fire elemental burns you!
* * * LOW HITPOINT WARNING * * *
The fire elemental barely misses you. The toenail golem misses you.
The large abomination is engulfed in blazing flames.
The smoke demon gestures at the fire elemental.
The ball of steam hits the fire elemental.
The fire elemental resists.
The ball of steam hits you!
You die...

### #...# ##.#.
##.A#.#
#....##...X.
......h.°##
..#t.x.°.#
#v###.X#∩.3°#
##○≈#.E8.#.X##
##≈≈v≈≈#.@...##
.≈≈.°.°R#EE.#.#
..°≈..°E○☼..#≈#
#..v..○..3..#°#
##..≈..#.5..###
##....#....##
##.# ##..#. ##
##.###


You could see a toenail golem, an earth elemental, an efreet, 2 fire elementals,
a fire vortex, a neutral profane servitor (summoned), a neutral starcursed mass
(summoned), a neutral apocalypse crab (summoned), 2 neutral large abominations,
a neutral smoke demon (summoned), a neutral raiju (summoned), a neutral ynoxinul
(summoned), a neutral small abomination (summoned) and a neutral ufetubus
(summoned).

Vanquished Creatures
  Pikel (D:6)
  2 centaur zombies
  Psyche (D:8)
  A polar bear (Lair:1)
  Grinder (D:5)
  2 hornets
  A redback (D:5)
  5 yaks
  2 wyverns (D:9)
  A vampire (D:5)
  2 shadows
  The ghost of boben the Slasher, an amateur DsGl (D:3)
  Menkaure (D:6)
  2 wargs (D:9)
  7 water moccasins
  3 sky beasts
  2 necrophages (D:7)
  8 orc warriors
  2 black bears
  5 ogres
  A centaur (D:8)
  3 lemures (D:6)
  5 phantoms
  A kobold brigand (D:5)
  6 bullfrogs
  11 scorpions
  10 killer bees
  A howler monkey (D:5)
  A bullfrog zombie (D:5)
  An electric eel (D:9)
  3 jellies
  5 orc priests
  A gnoll shaman (D:3)
  2 hounds
  3 iguanas
  A scorpion zombie (D:5)
  10 orc wizards
  A killer bee zombie (D:7)
  A howler monkey zombie (D:9)
  4 gnolls (D:3)
  7 adders
  A shadow imp (D:8)
  A white imp (D:6)
  2 ufetubi (D:5)
  2 adder skeletons (D:4)
  2 worms
  The ghost of fly the Sneak, a weakling HuDe (D:5)
  3 dart slugs
  19 orcs
  5 ball pythons
  3 bats
  3 endoplasms
  4 giant cockroaches
  5 goblins
  8 hobgoblins
  9 jackals (D:1)
  9 kobolds
  6 quokkas
  6 frilled lizards
  9 rats
226 creatures vanquished.

Vanquished Creatures (others)
  A kobold (D:5)
  A fungus (Lair:1)
  2 plants
4 creatures vanquished.

Grand Total: 230 creatures vanquished

Notes
Turn   | Place    | Note
-------+----------+-------------------------------------------
     0 | Abyss:1  | Gargoyl the Gnoll Abyssal Knight began the quest for the
                  | Orb.
     0 | Abyss:1  | Reached XP level 1. HP: 23/23 MP: 3/3
   121 | Abyss:2  | Noticed a sixfirhy
   127 | Abyss:2  | Noticed a thrashing horror
   127 | Abyss:2  | Noticed a wretched star
   128 | Abyss:2  | Noticed a thrashing horror
   130 | D:1      | Escaped the Abyss
   161 | D:1      | Reached * piety under Lugonu
   171 | D:1      | Reached XP level 2. HP: 6/29 MP: 5/5
   758 | D:1      | Found a faded altar of an unknown god.
   859 | D:1      | Reached XP level 3. HP: 33/35 MP: 6/6
   943 | D:1      | Got Arofag's Papyrus of the Arsonist
  1498 | D:2      | Reached skill level 1 in Short Blades
  1498 | D:2      | Reached skill level 1 in Long Blades
  1498 | D:2      | Reached skill level 1 in Maces & Flails
  1498 | D:2      | Reached skill level 1 in Polearms
  1498 | D:2      | Reached skill level 1 in Staves
  1498 | D:2      | Reached skill level 1 in Slings
  1498 | D:2      | Reached skill level 1 in Bows
  1498 | D:2      | Reached skill level 1 in Crossbows
  1498 | D:2      | Reached skill level 1 in Throwing
  1498 | D:2      | Reached skill level 1 in Stealth
  1498 | D:2      | Reached skill level 1 in Shields
  1498 | D:2      | Reached skill level 1 in Unarmed Combat
  1498 | D:2      | Reached skill level 1 in Spellcasting
  1498 | D:2      | Reached skill level 1 in Evocations
  1809 | D:2      | Reached ** piety under Lugonu
  1873 | D:2      | Reached XP level 4. HP: 41/41 MP: 7/7
  2449 | D:3      | Identified a scroll of acquirement
  2449 | D:3      | Acquired the +11 executioner's axe "Zywaut" {venom, rN+}
  2501 | D:3      | Found a transporter.
  2508 | D:3      | Noticed an ogre
  2508 | D:3      | Noticed boben's ghost (amateur DsGl)
  2509 | D:3      | Found a transporter.
  2510 | D:3      | Noticed an ogre
  2510 | D:3      | Identified the +4 dire flail of the Many Teeth {vorpal,
                  | Str+2 Int+4}
  2510 | D:3      | Noticed an ogre
  2531 | D:3      | Found an ornate altar of the Wu Jian Council.
  2588 | D:3      | Reached skill level 1 in Conjurations
  2588 | D:3      | Reached skill level 1 in Hexes
  2588 | D:3      | Reached skill level 1 in Summonings
  2588 | D:3      | Reached skill level 1 in Necromancy
  2588 | D:3      | Reached skill level 1 in Translocations
  2588 | D:3      | Reached skill level 1 in Transmutations
  2588 | D:3      | Reached skill level 1 in Fire Magic
  2588 | D:3      | Reached skill level 1 in Ice Magic
  2588 | D:3      | Reached skill level 1 in Air Magic
  2588 | D:3      | Reached skill level 1 in Earth Magic
  2588 | D:3      | Reached skill level 1 in Poison Magic
  2590 | D:3      | Reached XP level 5. HP: 16/47 MP: 8/8
  3145 | D:3      | Found a glowing drain.
  3741 | D:4      | Reached skill level 5 in Invocations
  3741 | D:4      | Reached XP level 6. HP: 53/53 MP: 9/9
  3843 | D:4      | Reached skill level 5 in Axes
  3843 | D:4      | Reached skill level 5 in Armour
  4439 | D:4      | Reached XP level 7. HP: 26/59 MP: 10/10
  5226 | D:5      | Entered Level 5 of the Dungeon
  5226 | D:5      | Found a white marble altar of Elyvilon.
  5239 | D:5      | Noticed Grinder
  5244 | D:5      | Reached skill level 7 in Fighting
  5252 | D:5      | Killed Grinder
  5317 | D:5      | Reached XP level 8. HP: 54/67 MP: 12/12
  5395 | D:5      | Found the +9 staff of Olgreb {rPois∞}
  5397 | D:5      | Found a runed translucent door.
  5467 | D:5      | Found a runed translucent gate.
  5468 | D:5      | Noticed a redback
  5469 | D:5      | Found a runed translucent gate.
  5469 | D:5      | Found a runed translucent gate.
  5499 | D:5      | Found a runed translucent door.
  5618 | D:5      | Found a shadowy altar of Dithmenos.
  5618 | D:5      | Found an iron altar of Okawaru.
  5660 | D:5      | Found a burning altar of Makhleb.
  5662 | D:5      | Found a shimmering blue altar of Sif Muna.
  5664 | D:5      | Found a hazy altar of Hepliaklqana.
  5694 | D:5      | Noticed a vampire
  5700 | D:5      | Killed a vampire
  6201 | D:5      | Found a runed translucent gate.
  6201 | D:5      | Found a runed translucent gate.
  6201 | D:5      | Found a runed translucent gate.
  6204 | D:5      | Noticed fly's ghost (weakling HuDe)
  6218 | D:5      | Killed fly's ghost
  6221 | D:5      | Reached XP level 9. HP: 37/72 MP: 14/14
  6221 | D:5      | Reached *** piety under Lugonu
  6546 | D:5      | Found a sparkling altar of Nemelex Xobeh.
  6827 | D:6      | Reached skill level 5 in Dodging
  7136 | D:6      | Reached skill level 8 in Fighting
  7176 | D:6      | Found Tueh's General Store.
  7440 | D:6      | Noticed Pikel
  7467 | D:6      | Killed Pikel
  7468 | D:6      | Reached XP level 10. HP: 48/80 MP: 17/17
  7660 | D:6      | Noticed Menkaure
  7668 | D:6      | Killed Menkaure
  7669 | D:6      | Reached skill level 5 in Short Blades
  7669 | D:6      | Reached skill level 5 in Long Blades
  7669 | D:6      | Reached skill level 5 in Maces & Flails
  7669 | D:6      | Reached skill level 5 in Polearms
  7669 | D:6      | Reached skill level 5 in Staves
  7669 | D:6      | Reached skill level 5 in Slings
  7669 | D:6      | Reached skill level 5 in Bows
  7669 | D:6      | Reached skill level 5 in Crossbows
  7669 | D:6      | Reached skill level 5 in Throwing
  7669 | D:6      | Reached skill level 5 in Stealth
  7669 | D:6      | Reached skill level 5 in Shields
  7669 | D:6      | Reached skill level 5 in Unarmed Combat
  7669 | D:6      | Reached skill level 5 in Spellcasting
  7669 | D:6      | Reached skill level 5 in Evocations
  8129 | D:6      | Found an opulent altar of Gozag.
  8471 | D:7      | Found a staircase to the Ecumenical Temple.
  8798 | D:7      | Found a shimmering altar of Xom.
  9356 | D:3      | Killed boben's ghost
  9898 | D:5      | Reached **** piety under Lugonu
 10550 | D:8      | Noticed Psyche
 10574 | D:8      | Killed Psyche
 10686 | D:8      | Reached XP level 11. HP: 51/87 MP: 19/19
 11071 | D:8      | Found a transporter.
 11073 | D:8      | Noticed Mateji's ghost (novice DEIE)
 11086 | D:8      | Found a transporter.
 11575 | D:8      | Reached skill level 9 in Fighting
 11823 | D:8      | Noticed a moth of wrath
 11878 | D:8      | Reached skill level 5 in Conjurations
 11878 | D:8      | Reached skill level 5 in Hexes
 11878 | D:8      | Reached skill level 5 in Summonings
 11878 | D:8      | Reached skill level 5 in Necromancy
 11878 | D:8      | Reached skill level 5 in Translocations
 11878 | D:8      | Reached skill level 5 in Transmutations
 11878 | D:8      | Reached skill level 5 in Fire Magic
 11878 | D:8      | Reached skill level 5 in Ice Magic
 11878 | D:8      | Reached skill level 5 in Air Magic
 11878 | D:8      | Reached skill level 5 in Earth Magic
 11878 | D:8      | Reached skill level 5 in Poison Magic
 12010 | D:9      | Found a hide-covered altar of Uskayaw.
 12486 | D:9      | Found a staircase to the Lair.
 12503 | D:9      | Reached ***** piety under Lugonu
 12891 | Lair:1   | Entered Level 1 of the Lair of Beasts
 13145 | Lair:1   | Found a large runed translucent door.
 13146 | Lair:1   | Found a large runed translucent door.
 13148 | Lair:1   | Noticed Gargoyl's ghost (journeyman GnAK)
 13161 | Lair:1   | Banished Gargoyl's ghost
 13554 | Lair:1   | Found a dark tunnel.
 13559 | Volcano  | Entered a volcano
 13570 | Volcano  | Corrupted Volcano
 13570 | Volcano  | Noticed a thrashing horror
 13570 | Volcano  | Noticed a large abomination
 13570 | Volcano  | Noticed a starcursed mass
 13570 | Volcano  | Noticed a profane servitor
 13571 | Volcano  | Killed from afar by a smoke demon

Illustrated notes

Levels and vault maps discovered:
D:1:      saegor_arrival_simple_a, layout_rooms, shapermc_ecumenical_altar_gd,
          minmay_misc_feat_nine_boxes, minmay_pentomino_t4
D:2:      layout_loops_corners, minmay_cut_off
D:3:      layout_basic, nicolae_overflow_crystal_walls, gammafunk_ghost_smash,
          gup_sewer_entry_pipe, dk_noncrumbling_4
D:4:      layout_layer_cave
D:5:      layout_rooms, marbit_many_paths, chequers_temple_overflow_minitemple,
          elyvilon_altar_5, gammafunk_ghost_nasty_kobolds,
          minmay_guarded_unrand_staff_of_olgreb, uniq_grinder
D:6:      layout_rooms, kennysheep_mini_moat, serial_shops, shop, uniq_pikel,
          uniq_menkaure
D:7:      layout_loops_ring, overflow_temple_1_default,
          minmay_temple_entry_antechambers
D:8:      layout_basic, gammafunk_ghost_berserking_beasts, uniq_psyche
D:9:      cheibrodos_helix_gallery, layout_basic, lemuel_doored_altar,
          erik_lair_orcish_takeover
Lair:1:   layout_cave_pods, enter_volcano_4, ebering_ghost_disaster_area
Volcano:  volcano_aerie

Skill      XL: |  1  2  3  4  5  6  7  8  9 10 11 |
---------------+----------------------------------+-----
Short Blades   | 1 2 3 4 5 6 |  6.4
Long Blades    | 1 2 3 4 5 6 |  6.4
Maces & Flails | 1 2 3 4 5 6 |  6.4
Polearms       | 1 2 3 4 5 6 |  6.4
Staves         | 1 2 3 4 5 6 |  6.4
Slings         | 1 2 3 4 5 6 |  6.4
Bows           | 1 2 3 4 5 6 |  6.4
Crossbows      | 1 2 3 4 5 6 |  6.4
Throwing       | 1 2 3 4 5 6 |  6.4
Stealth        | 1 2 3 4 5 6 |  6.4
Shields        | 1 2 3 4 5 6 |  6.4
Unarmed Combat | 1 2 3 4 5 6 |  6.4
Spellcasting   | 1 2 3 4 5 6 |  6.4
Evocations     | 1 2 3 4 5 6 |  6.4
Conjurations   | 1 2 3 4 5 |  5.3
Hexes          | 1 2 3 4 5 |  5.3
Summonings     | 1 2 3 4 5 |  5.3
Necromancy     | 1 2 3 4 5 |  5.3
Translocations | 1 2 3 4 5 |  5.3
Transmutations | 1 2 3 4 5 |  5.3
Fire Magic     | 1 2 3 4 5 |  5.3
Ice Magic      | 1 2 3 4 5 |  5.3
Air Magic      | 1 2 3 4 5 |  5.3
Earth Magic    | 1 2 3 4 5 |  5.3
Poison Magic   | 1 2 3 4 5 |  5.3
Dodging        | 3 4 5 6 7 |  7.0
Invocations    | 5 6 7 8 |  8.5
Axes           | 5 6 7 8 |  8.0
Armour         | 5 6 7 8 |  8.0
Fighting       | 7 8 9 |  9.2

Action                   |  1- 3 |  4- 6 |  7- 9 | 10-12 || total
-------------------------+-------+-------+-------+-------++-------
Melee: Hand axe          |   114 |    20 |       |       ||   134
       Bite              |     4 |    10 |    10 |    21 ||    45
       Executioner's axe |       |    63 |   119 |   236 ||   418
Throw: Dart              |       |     2 |     6 |     2 ||    10
Invok: Depart the Abyss  |     1 |       |       |       ||     1
       Bend Space        |       |     1 |       |       ||     1
       Banish            |       |       |       |     3 ||     3
       Corrupt           |       |       |       |     1 ||     1
  Use: Scroll            |     4 |     3 |       |    11 ||    18
       Potion            |       |       |       |     4 ||     4
 Stab: Distracted        |       |       |       |     1 ||     1
Armor: Leather armour    |    14 |       |       |       ||    14
       Ring mail         |    15 |    27 |    44 |    61 ||   147
       Chain mail        |       |       |       |    63 ||    63
Dodge: Dodged            |   126 |    62 |   125 |   275 ||   588

Table legend: (Time is in decaauts)
 A = Elapsed time spent in this place.
 B = Non-inter-level travel time spent in this place.
 C = Inter-level travel time spent in this place.
 D = Time resting spent in this place.
 E = Time spent auto-exploring this place.
 F = Levels seen in this place.
 G = Mean time per level.
                   A        B        C        D        E       F      G
               +--------+--------+--------+--------+--------+-----+--------+
         Total |  13896 |  13141 |    755 |   1953 |   9183 |  13 | 1068.9 |
       Dungeon |  13075 |  12391 |    684 |   1634 |   8866 |   9 | 1452.8 |
          Lair |    676 |    605 |     71 |    319 |    213 |   1 |  676.0 |
         Abyss |    129 |    129 |      0 |      0 |    102 |   2 |   64.5 |
       Volcano |     14 |     14 |      0 |      0 |      2 |   1 |   14.0 |
               +--------+--------+--------+--------+--------+-----+--------+

Top non-repeatable levels by time:
     D:5: 2334 daAuts
     D:4: 2189 daAuts
     D:2: 1507 daAuts
     D:8: 1482 daAuts
     D:6: 1253 daAuts
     D:3: 1130 daAuts
     D:7: 1105 daAuts
     D:1: 1057 daAuts
     D:9: 1014 daAuts
  Lair:1: 676 daAuts
 Abyss:1: 65 daAuts
 Abyss:2: 64 daAuts
 Volcano: 14 daAuts
